 Dungeon Crawl Stone Soup version 0.16-a0-327-gbff0e38 (webtiles) character file.

51 Const the Ruinous (level 3, -2/19 HPs)
             Began as a Deep Elf Conjurer on Sept 5, 2014.
             Slain by a worm (7 damage)
             ... on Level 2 of the Dungeon.
             The game lasted 00:07:33 (1470 turns).

Const the Ruinous (Deep Elf Conjurer)               Turns: 1470, Time: 00:07:33

HP  -2/19        AC  2     Str  5      XL: 3   Next: 58%
MP   0/10        EV 13     Int 20      God:
Gold 87          SH  0     Dex 15      Spells:  3 memorised,  2 levels left

rFire  . . .     SeeInvis .     n - +2 dagger (drain)
rCold  . . .     Clarity  .     a - +0 robe
rNeg   + . .     rCorr    .     (no shield)
rPois  .         rRot     .     (no helmet)
rElec  .         Spirit   .     (no cloak)
SustAb .         Warding  .     (no gloves)
rMut   .         Stasis   .     (no boots)
Gourm  .                        (no amulet)
MR     +....                    q - ring of protection from magic
                                i - ring of positive energy

@: somewhat resistant to hostile enchantments, unstealthy
A: no striking features
a: no special abilities


You were on level 2 of the Dungeon.
You were not hungry.

You visited 1 branch of the dungeon, and saw 2 of its levels.

You collected 87 gold pieces.

Inventory:

Hand weapons
 h - a +0 club
 l - a +0 dagger
 n - a +2 dagger of draining (weapon)
 p - a +0 spear of flaming
Armour
 a - a +0 robe (worn)
Comestibles
 b - 2 bread rations
 k - a rotting chunk of goblin flesh
 m - a meat ration
 r - 2 chunks of hobgoblin flesh
Scrolls
 d - a scroll of teleportation {unknown}
 f - a scroll of noise {unknown}
 j - 2 scrolls of identify {unknown}
 o - a scroll of fear {unknown}
 s - a scroll of recharging {unknown}
Jewellery
 i - a ring of positive energy (left hand)
 q - a ring of protection from magic (right hand)
Potions
 e - 2 potions of haste {unknown}
 g - a potion of restore abilities {unknown}
 t - a potion of curing {unknown}
Books
 c - a book of Conjurations

   Spells                             Type                      Level
   *Magic Dart                        Conjuration                  1
   *Searing Ray                       Conjuration                  2
   *Dazzling Spray                    Conjuration/Hexes            3
   Fulminant Prism                    Conjuration/Hexes            4
   Iskenderun's Mystic Blast          Conjuration                  4
   Iskenderun's Battlesphere          Conjuration/Charms           5


   Skills:
 - Level 2.4 Dodging
 - Level 2.5 Stealth
 - Level 3.0 Spellcasting
 * Level 5.8 Conjurations


You had 2 spell levels left.
You knew the following spells:

 Your Spells              Type           Power        Failure   Level  Hunger
a - Magic Dart            Conj           ####         1%          1    None
b - Searing Ray           Conj           ####..       1%          2    ##.....
c - Dazzling Spray        Conj/Hex       ##......     14%         3    ###....


Dungeon Overview and Level Annotations

Branches:
Dungeon (2/15)

Altars:
Okawaru


Message History

The worm is severely wounded.
Casting: Searing Ray
Confirm with . or Enter, or press ? or * to list all spells.
Aiming: Magic Dart
Press: ? - help, Shift-Dir - straight line, f/p - worm
Aim: a worm (severely wounded)
The magic dart hits the worm.
The worm is almost dead.
Casting: Magic Dart
Confirm with . or Enter, or press ? or * to list all spells.
Aiming: Searing Ray
Press: ? - help, Shift-Dir - straight line, f/p - worm
Aim: a worm (severely wounded)
The searing ray hits the worm.
The worm is almost dead.
The searing ray misses the worm.
The worm bites you!
* * * LOW HITPOINT WARNING * * *
Without enough magic to sustain it, your searing ray dissipates.
The worm bites you!
You die...

#.# #.##. #.# #.##.
####.# #.##. #....# #.##+
#.#### #.... #.# # ##...
#.# .## ##....
...########.#...####.....
........@w.........+.....
...######......?####.....
#.!.....# ##....
#.....#.# ##... #.....#.#
##.. ####### # ##+


You could see a worm.

Vanquished Creatures
  An adder (D:2)
  A giant gecko (D:1)
  An ooze (D:1)
  7 hobgoblins
  6 jackals (D:1)
  2 kobolds (D:2)
  A quokka (D:1)
  3 bats (D:1)
  3 giant newts
  9 goblins
  3 rats
37 creatures vanquished.

Notes
Turn   | Place    | Note
--------------------------------------------------------------
     0 | D:1      | Const, the Deep Elf Conjurer, began the quest for the Orb.
     0 | D:1      | Reached XP level 1. HP: 10/10 MP: 5/5
   135 | D:1      | Reached XP level 2. HP: 12/15 MP: 0/8
   247 | D:1      | Learned a level 2 spell: Searing Ray
   276 | D:1      | Reached skill level 5 in Conjurations
   898 | D:1      | Reached XP level 3. HP: 19/19 MP: 7/10
   903 | D:1      | Learned a level 3 spell: Dazzling Spray
  1093 | D:1      | Found an iron altar of Okawaru.
  1470 | D:2      | Slain by a worm

Action                   || total
-------------------------++-------
Melee: Unarmed           ||     6
       Dagger            ||     2
 Cast: Magic Dart        ||    47
       Searing Ray       ||    12
  Use: Potion            ||     1
  Eat: Chunk             ||     2
